 Dungeon Crawl Stone Soup version 0.31-a0-214-gb37851dbb3 (webtiles) character file.

Game seed: 10587318677528067402

142188 Zonian the Eclecticist (level 16, -20/106 HPs)
             Began as a Deep Elf Ice Elementalist on June 25, 2023.
             Was a High Priest of Ashenzari.
             Killed from afar by Nikola (76 damage)
             ... with an arc of chain lightning
             ... on level 2 of the Snake Pit on July 1, 2023.
             The game lasted 03:02:25 (40372 turns).

Zonian the Eclecticist (Deep Elf Ice Elementalist) Turns: 40372, Time: 03:02:26

Health: -20/106    AC: 13    Str:  7    XL:     16   Next: 79%
Magic:  19/43      EV: 13    Int: 30    God:    Ashenzari [*****.]
Gold:   532        SH:  8    Dex: 15    Spells: 9/57 levels left

rFire   . . .        n - staff of the Bound Cosmos (curse) {rC+ rN+ Fire Ice Earth, Elem, Range} (curse)
rCold   + . .        M - +3 buckler of the Cosmic Augur {Range, Self} (curse)
rNeg    + . .        A - +1 troll leather armour of the Unveiling Dismay {Regen+, Melee, Elem} (curse)
rPois   +            H - +2 helmet {Int+3}
rElec   +            E - +0 cloak of the Ensconced Fetters {Fort, Self} (curse)
rCorr   .            I - +0 pair of gloves "Share My Gnosis" {Self, Fort} (curse)
SInv    +            G - +1 pair of boots "Gaze Upon Infinity" {Alch, Self} (curse)
Will    +....        h - amulet of the Gnostic Visionary {Regen+, Alch, Evo} (curse)
Stlth   +++++        z - ring of Asceticism {Wiz rElec rPois rF- Stlth+}
HPRegen 1.97/turn    W - ring of the Eye in the Sky {rF+, Bglg, Fort} (curse)
MPRegen 0.28/turn

%: clarity, wizardry (x1)
@: no status effects
A: no striking features
a: Renounce Religion, Curse Item, Shatter the Chains


You were on level 2 of the Snake Pit.
You worshipped Ashenzari.
Ashenzari was extremely pleased with you.
You visited 5 branches of the dungeon, and saw 25 of its levels.

You collected 2998 gold pieces.
You spent 2466 gold pieces at shops.

Inventory:

Hand Weapons
 p - the +6 war axe of the Snake Pit {holy, MP+9 Str-4 Dex+5}
   (You took it off a centaur warrior on level 13 of the Dungeon)

   Str:       It affects your strength (-4).
   Dex:       It affects your dexterity (+5).
   MP:        It affects your magic capacity (+9).
Missiles
 f - 44 poisoned darts
 C - 4 silver javelins
 L - a throwing net
 X - 6 javelins
 Z - 8 curare-tipped darts
Armour
 m - the scarf of the Nightingale {+Inv, Str+3 Int+5}
   (You bought it in a shop on level 1 of the Snake Pit)

   Str:       It affects your strength (+3).
   Int:       It affects your intelligence (+5).
 A - the cursed +1 troll leather armour of the Unveiling Dismay (worn) {Regen+, Melee, Elem}
   (You found it on level 8 of the Dungeon)

   Regen:     It increases your rate of health regeneration.
   It has a curse which improves the following skills: Melee Combat: Short
   Blades, Long Blades, Axes, Maces & Flails, Polearms, Staves and Unarmed
   Combat.
   Elements:  Fire Magic, Ice Magic, Air Magic and Earth Magic.
 E - the cursed +0 cloak of the Ensconced Fetters (worn) {Fort, Self}
   (You found it on level 4 of the Dungeon)

   It has a curse which improves the following skills: Fortitude: Armour and
   Shields.
   Introspection: Fighting and Spellcasting.
 G - the cursed +1 pair of boots "Gaze Upon Infinity" (worn) {Alch, Self}
   (You bought it in a shop on level 9 of the Dungeon)

   It has a curse which improves the following skills: Alchemy: Poison Magic and
   Transmutations.
   Introspection: Fighting and Spellcasting.
 H - a +2 helmet of intelligence (worn)
 I - the cursed +0 pair of gloves "Share My Gnosis" (worn) {Self, Fort}
   (You found it on level 7 of the Dungeon)

   It has a curse which improves the following skills: Introspection: Fighting
   and Spellcasting.
   Fortitude: Armour and Shields.
 M - the cursed +3 buckler of the Cosmic Augur (worn) {Range, Self}
   (You bought it in a shop on level 9 of the Dungeon)

   It has a curse which improves the following skills: Ranged Combat: Ranged
   Weapons and Throwing.
   Introspection: Fighting and Spellcasting.
Magical Staves
 n - the cursed staff of the Bound Cosmos (weapon) {rC+ rN+ Fire Ice Earth, Elem, Range}
   (You acquired it on level 8 of the Dungeon)

   [staff of cold]

   Base accuracy: +5 Base damage: 5 Base attack delay: 1.2 This weapon's minimum
   attack delay (0.6) is reached at skill level 12.
   rC:        It protects you from cold.
   rN:        It protects you from negative energy.
   Fire:      It increases the power of your Fire spells.
   Ice:       It increases the power of your Ice spells.
   Earth:     It increases the power of your Earth spells.
   It falls into the 'Staves' category.
   It is a one-handed weapon.
   It has a curse which improves the following skills: Elements: Fire Magic, Ice
   Magic, Air Magic and Earth Magic.
   Ranged Combat: Ranged Weapons and Throwing.
Jewellery
 h - the cursed amulet of the Gnostic Visionary (around neck) {Regen+, Alch, Evo}
   (You found it on level 1 of the Dungeon)

   [amulet of regeneration]

   Regen:     It increases your rate of health regeneration.
   It has a curse which improves the following skills: Alchemy: Poison Magic and
   Transmutations.
   Evocations: Evocations.
 w - an amulet of magic regeneration
 z - the ring of Asceticism (left hand) {Wiz rElec rPois rF- Stlth+}
   (You bought it in a shop on level 2 of the Orcish Mines)

   [ring of wizardry]

   It improves your spell success rate.
   rF:        It makes you vulnerable to fire.
   rElec:     It insulates you from electricity.
   rPois:     It protects you from poison.
   Stlth:     It makes you more stealthy.
 J - a +6 ring of dexterity
 W - the cursed ring of the Eye in the Sky (right hand) {rF+, Bglg, Fort}
   (You found it on level 10 of the Dungeon)

   [ring of protection from fire]

   rF:        It protects you from fire.
   It has a curse which improves the following skills: Beguiling: Conjurations,
   Hexes and Translocations.
   Fortitude: Armour and Shields.
Wands
 a - a wand of polymorph (3)
 g - a wand of flame (24)
 o - a wand of roots (18)
 t - a wand of digging (12)
 B - a wand of charming (15)
 S - a wand of mindburst (7)
Scrolls
 e - 3 scrolls of brand weapon
 i - 3 scrolls of blinking
 q - 8 scrolls of teleportation
 r - 4 scrolls of amnesia
 y - a scroll of poison
 U - 2 scrolls of revelation
 V - a scroll of summoning
 Y - 2 scrolls of fog
Potions
 b - 3 potions of magic
 c - 6 potions of attraction
 j - 2 potions of ambrosia
 k - 2 potions of enlightenment
 l - 4 potions of resistance
 s - 2 potions of cancellation
 u - 2 potions of haste
 v - 5 potions of might
 x - 5 potions of lignification
 D - 8 potions of curing
 F - 2 potions of brilliance
 K - 4 potions of invisibility
 O - 8 potions of heal wounds
 R - 3 potions of berserk rage
Miscellaneous
 d - a condenser vane (inert)
 N - a sack of spiders (inert)


   Skills:
 + Level 9.2(14.2) Fighting
 - Level 7.7(10.0) Staves
 - Level 1.8(4.7) Armour
 - Level 6.0 Dodging
 - Level 8.0 Stealth
 - Level 2.5(5.7) Shields
 - Level 16.2(21.1) Spellcasting
 - Level 4.2(6.2) Conjurations
 - Level 16.0 Summonings
 - Level 10.1(12.2) Translocations
 - Level 5.0(8.0) Fire Magic
 - Level 12.7(15.8) Ice Magic
 - Level 3.6(6.4) Air Magic
 - Level 6.8(10.0) Earth Magic
 - Level 5.8(8.0) Evocations


You had 9 spell levels left.
You knew the following spells:

 Your Spells              Type           Power      Damage    Failure   Level
a - Freeze                Ice            100%       1d10      0%          1
b - Frozen Ramparts       Ice            100%       1d16      0%          3
c - Ozocubu's Armour      Ice            100%       N/A       0%          3
d - Summon Ice Beast      Ice/Summ       100%       N/A       1%          4
e - Call Canine Familiar  Summ           91%        N/A       0%          3
f - Blink                 Tloc           100%       N/A       1%          2
g - Summon Forest         Summ/Tloc      43%        N/A       1%          5
h - Freezing Cloud        Conj/Ice/Air   46%        6-21      1%          5
i - Ensorcelled Hibernat  Hex/Ice        100%       N/A       1%          2
j - Swiftness             Air            63%        N/A       1%          3
k - Summon Hydra          Summ           45%        N/A       1%          7
l - Lee's Rapid Deconstr  Erth           47%        3d23*     1%          5
m - Fireball              Conj/Fire      42%        3d17      1%          5

Your spell library contained the following spells:

 Spells                   Type           Power      Damage    Failure   Level
 Necrotise                Necr           100%       1d9       1%          1
 Sandblast                Erth           100%       2d20      1%          1
 Cigotuvi's Dreadful Rot  Necr/Pois/Air  90%        N/A       1%          2
 Lesser Beckoning         Tloc           100%       N/A       1%          2
 Momentum Strike          Conj/Tloc      100%       3d10      1%          2
 Passwall                 Tmut/Erth      63%        N/A       1%          2
 Ignite Poison            Fire/Tmut/Pois 65%        N/A       1%          3
 Portal Projectile        Hex/Tloc       100%       N/A       1%          3
 Vhi's Electric Charge    Tloc/Air       100%       N/A       1%          3
 Leda's Liquefaction      Hex/Erth       38%        N/A       1%          4
 Arcjolt                  Conj/Air       31%        1d41      1%          5
 Summon Mana Viper        Hex/Summ       69%        N/A       1%          5
 Summon Cactus Giant      Summ           45%        N/A       1%          6
 Iskenderun's Battlesphe  Conj           62%        2d11      2%          5
 Vampiric Draining        Necr           31%        2d8       3%          3
 Borgnjor's Vile Clutch   Necr/Erth      37%        N/A       3%          5
 Leda's Unmaking          Conj/Erth      44%        9d7       5%          6
 Plasma Beam              Fire/Air       42%        2x1d56    8%          6
 Animate Dead             Necr           31%        N/A       10%         4
 Dispel Undead            Necr           31%        3d14      10%         4
 Conjure Ball Lightning   Conj/Air       31%        3x3d10    12%         6
 Statue Form              Tmut/Erth      50%        N/A       17%         6
 Agony                    Necr           31%        N/A       26%         5
 Haunt                    Necr/Summ      34%        N/A       30%         7
 Orb of Destruction       Conj           31%        9d10      52%         7
 Eringya's Noxious Bog    Tmut/Pois      17%        N/A       75%         6
 Death Channel            Necr           15%        N/A       80%         6
 Infestation              Necr           15%        N/A       100%        8


Dungeon Overview and Level Annotations

Branches:
Dungeon (15/15)            Temple (1/1) D:7            Lair (5/5) D:8
 Shoals (0/4) Lair:2        Snake (2/4) Lair:2        Slime (0/5) Lair:4
    Orc (2/2) D:9             Elf (0/3) Orc:2        Vaults (0/5) D:13
 Depths (0/4) D:15

Altars:
Ashenzari
Cheibriados
Dithmenos
Elyvilon
Fedhas
Gozag
Hepliaklqana
Kikubaaqudgha
Makhleb
Nemelex Xobeh
Okawaru
Qazlal
Ru
Sif Muna
Trog
Uskayaw
Vehumet
Wu Jian
Xom
Yredelemnul
Zin
The Shining One

Shops:
D:9 [   Orc:1 *(*?   Orc:2 :([*=   Snake:1 :[

Annotations:
D:15 2 transporters, exclusion: obsidian statue, Jais Joink's ghost, adept FoFi
Lair:2 2 transporters, Zonian's ghost, journeyman DEIE
Snake:2 Nikola


Message History

Press: ? - help, Dir - move target A rock wall.
You feel a surge of power!
The wall shatters!
The blast of rock fragments hits Nikola!!
Nikola is heavily wounded.
Nikola mumbles some strange words.
Lightning arcs from Nikola's hands!
The bolt of lightning hits the mana viper!!!!
The mana viper dies!
A bolt of lightning appears from out of thin air!
The bolt of lightning hits Nikola.
The bolt of lightning hits you!! You resist.
You hear a shout!
You hear an angry hiss.
Unknown command.
Casting: Lee's Rapid Deconstruction (mildly dangerous; 1% risk of failure)
Confirm with . or Enter, or press ? or * to list all spells.
Aiming: Lee's Rapid Deconstruction (mildly dangerous; 1% risk of failure)
Press: ? - help, Dir - move target A rock wall.
You feel a surge of power!
The wall shatters!
The blast of rock fragments hits Nikola!!
Nikola is severely wounded.
An anaconda comes into view.
A mana viper comes into view.
Unknown command.
Casting: Lee's Rapid Deconstruction (mildly dangerous; 1% risk of failure)
Confirm with . or Enter, or press ? or * to list all spells.
Aiming: Lee's Rapid Deconstruction (mildly dangerous; 1% risk of failure)
Press: ? - help, Dir - move target A rock wall.
You feel a surge of power!
The wall shatters!
The blast of rock fragments hits Nikola!!!
Nikola is almost dead.
The mana viper hisses angrily.
You hit Nikola. You freeze Nikola!
Nikola is almost dead.
A naga ritualist comes into view. It is wielding a +0 hand axe.
Nikola casts a spell.
Lightning arcs from Nikola's hands!
The bolt of lightning hits you!!!! You resist.
Ouch! That really hurt!
You die...

* , ,*
**...............##....# ,
* *...............###.... ,
.,,#.............##..... *
* .. *#...........##......
* ,,
,,...##<..........##......
, ,.....#..........#.......
,,,................#.......
, ,,
...S>................... ,,
, ....S.@@##..###.........
,, , ....##..#..##
#......... , , N. ........
##........ , ,, #.........,
#........ ,, ,
##.........,##......# *, *
#.......... ##....## * ***
* *............ .[#### * ,
, ,,* *#..........,,* ,**
## , , ,,, , ,,,, , ,*,* #.


You could see Nikola, an anaconda, a naga ritualist and a mana viper.

Vanquished Creatures
  Louise (D:15)
  Nessos (D:13)
  A fire dragon (shapeshifter) (D:13)
  Harold (Lair:1)
  4 hydras
  7 centaur warriors
  3 anacondas (Snake:2)
  An ogre mage (D:12)
  3 boulder beetles
  A two-headed ogre (D:12)
  2 death yaks (Lair:5)
  2 tengu warriors
  2 naga warriors (Snake:1)
  Urug (D:13)
  A shock serpent (Snake:1)
  A spectral death yak (Lair:5)
  4 orc high priests (Orc:2)
  A skyshark (Lair:3)
  4 skeletal warriors (D:11)
  An orange crystal statue (D:15)
  A naga ritualist (Snake:2)
  6 orc knights
  4 deep elf pyromancers
  An obsidian statue (Lair:5)
  2 mana vipers (Snake:2)
  2 necromancers (Lair:5)
  3 cyclopes
  2 orc sorcerers (Orc:2)
  8 ugly things
  2 salamanders (Snake:2)
  A wolf spider (D:13)
  10 black mambas
  2 manticores (D:13)
  19 elephants
  3 naga magi
  A dire elephant skeleton (Lair:5)
  A rime drake (Lair:5)
  2 unseen horrors
  12 cane toads
  6 komodo dragons
  An efreet (D:15)
  2 tengu conjurers (D:13)
  A kobold demonologist (D:13)
  5 trolls
  3 meliai (D:13)
  4 blink frogs (Lair:5)
  A hornet (shapeshifter) (D:13)
  6 hornets
  10 dream sheep
  A centaur simulacrum (D:13)
  11 slime creatures
  21 yaks
  2 wyverns
  2 vampires
  2 basilisks
  12 vampire mosquitoes
  A golden eye (shapeshifter) (D:13)
  A steam dragon (D:8)
  3 wargs
  10 nagas
  2 acid dragons
  14 water moccasins
  A floating eye (D:12)
  2 ice beasts
  30 orc warriors
  A sky beast (D:7)
  9 ogres
  17 centaurs
  27 wolves
  An elephant skeleton (Lair:5)
  2 kobold brigands
  12 bullfrogs
  Blork the orc (D:6)
  A cane toad simulacrum (Lair:5)
  4 scorpions
  4 gnoll sergeants (D:10)
  13 killer bees
  An elephant simulacrum (Lair:5)
  9 howler monkeys
  4 hounds
  A gnoll bouda (D:7)
  3 jellies (D:5)
  14 orc priests
  4 iguanas
  Ijyb (D:3)
  A sleepcap (D:6)
  23 orc wizards
  4 hell rats (Lair:2)
  4 adders
  19 gnolls
  2 shadow imps
  An ufetubus (D:5)
  A dart slug (D:1)
  75 orcs
  8 ball pythons
  10 endoplasms
  5 giant cockroaches
  2 goblins
  4 hobgoblins
  9 kobolds
  A quokka (D:1)
  10 bats
  3 frilled lizards
  3 rats
592 creatures vanquished.

Vanquished Creatures (collateral kills)
  2 orc warlords
  A dire elephant (Lair:5)
  A fire dragon (D:13)
  2 ice dragons
  A catoblepas (Lair:5)
  A centaur warrior (D:14)
  An anaconda (Snake:1)
  5 hydras
  2 boulder beetles
  2 two-headed ogres
  A tengu warrior (D:13)
  A death yak (Lair:5)
  An orc high priest (Orc:2)
  2 skysharks
  6 slime creatures
  3 orc knights
  A deep elf pyromancer (D:12)
  5 ugly things
  2 manticores
  2 orc sorcerers (Orc:2)
  5 elephants
  A cyclops (Orc:1)
  A torpor snail (Lair:3)
  A naga mage (Snake:1)
  2 black mambas
  4 kobold demonologists
  5 cane toads
  An efreet (D:14)
  3 rime drakes
  2 komodo dragons (Lair:2)
  2 trolls
  A polar bear (Lair:3)
  A wind drake (Lair:2)
  4 blink frogs (Lair:5)
  5 dream sheep
  4 shadows
  A vampire (D:13)
  3 wyverns
  A wraith (D:10)
  2 basilisks (Lair:5)
  A death yak simulacrum (Lair:5)
  A vampire mosquito (D:13)
  2 wargs
  2 nagas (Lair:2)
  A water moccasin (shapeshifter) (D:14)
  A water moccasin (Lair:5)
  21 orc warriors
  A black bear (Lair:2)
  2 ogres (Orc:2)
  3 centaurs
  2 wolves (Lair:5)
  2 kobold brigands (D:13)
  5 bullfrogs
  A cane toad simulacrum (Lair:5)
  A howler monkey (D:12)
  A killer bee (D:10)
  8 orc priests
  12 orc wizards
  3 hell rats (Lair:2)
  4 gnolls (D:10)
  26 orcs
  A kobold (D:13)
192 creatures vanquished.

Vanquished Creatures (others)
  A mana viper (Snake:2)
  A basilisk (D:15)
  A human (D:7)
  10 snaplasher vines
13 creatures vanquished.

Grand Total: 797 creatures vanquished

Notes
Turn   | Place    | Note
-------+----------+-------------------------------------------
     0 | D:1      | Zonian the Deep Elf Ice Elementalist began the quest for
                  | the Orb.
     0 | D:1      | Reached XP level 1. HP: 10/10 MP: 6/6
   221 | D:1      | Reached XP level 2. HP: 15/15 MP: 5/8
  1138 | D:2      | Reached XP level 3. HP: 19/19 MP: 2/10
  1254 | D:2      | Found a faded altar of an unknown god.
  1955 | D:3      | Noticed Ijyb
  1962 | D:3      | Killed Ijyb
  1963 | D:3      | Reached XP level 4. HP: 23/24 MP: 7/12
  2425 | D:4      | Reached skill level 5 in Ice Magic
  2434 | D:3      | Learned a level 3 spell: Frozen Ramparts
  2438 | D:3      | Learned a level 3 spell: Ozocubu's Armour
  2443 | D:3      | Learned a level 4 spell: Summon Ice Beast
  2868 | D:4      | Reached XP level 5. HP: 23/28 MP: 13/13
  2875 | D:4      | Noticed an ice beast
  2887 | D:4      | Found a basalt altar of Yredelemnul.
  2984 | D:4      | Identified the +1 helmet of Masochism {Int+3}
  3034 | D:4      | Noticed an ogre
  3045 | D:4      | Killed an ogre
  3046 | D:4      | Reached skill level 5 in Spellcasting
  3046 | D:4      | Reached skill level 1 in Summonings
  3047 | D:4      | You fall into a shaft and drop 2 floors!
  3061 | D:5      | Entered Level 5 of the Dungeon
  3071 | D:5      | Reached XP level 6. HP: 21/32 MP: 5/16
  3619 | D:4      | Reached XP level 7. HP: 36/36 MP: 18/18
  5161 | D:6      | Reached XP level 8. HP: 36/41 MP: 19/21
  5360 | D:6      | Reached skill level 5 in Summonings
  5562 | D:6      | Noticed Blork the orc
  5569 | D:6      | Killed Blork the orc
  6690 | D:7      | Found a staircase to the Ecumenical Temple.
  6709 | Temple   | Entered the Ecumenical Temple
  6915 | Temple   | Became a worshipper of Ashenzari the Shackled
  7105 | D:7      | Learned a level 3 spell: Call Canine Familiar
  7205 | D:7      | Learned a level 2 spell: Blink
  7278 | D:7      | Reached skill level 1 in Translocations
  7316 | D:7      | Reached XP level 9. HP: 29/45 MP: 20/24
  7623 | D:7      | Found an ancient bone altar of Kikubaaqudgha.
  7776 | D:8      | Noticed an elephant
  7955 | D:8      | Found a staircase to the Lair.
  8049 | D:8      | Noticed an elephant
  8075 | D:8      | Killed an elephant
  8076 | D:8      | Reached skill level 10 in Spellcasting
  8455 | D:8      | Reached * piety under Ashenzari
  8455 | D:8      | Identified a scroll of acquirement
  8463 | D:8      | Noticed an elephant
  8549 | D:8      | Killed an elephant
  8680 | D:8      | Acquired the staff of Infinity {rC+ rN+ Fire Ice Earth}
  8764 | D:8      | Noticed an elephant
  8788 | D:8      | Killed an elephant
  9307 | D:8      | Noticed a troll
  9312 | D:8      | Reached XP level 10. HP: 45/50 MP: 19/28
  9714 | D:8      | Killed an elephant
  9715 | D:8      | Reached skill level 10 in Ice Magic
  9871 | Lair:1   | Entered Level 1 of the Lair of Beasts
  9922 | Lair:1   | Noticed a cane toad
 10000 | Lair:1   | Noticed a cane toad
 10007 | Lair:1   | Reached ** piety under Ashenzari
 10012 | Lair:1   | Killed a cane toad
 10056 | Lair:1   | Noticed a cane toad
 10068 | Lair:1   | Killed a cane toad
 10147 | Lair:1   | Noticed a cane toad
 10157 | Lair:1   | Killed a cane toad
 10267 | Lair:1   | Killed a cane toad
 10288 | Lair:1   | Learned a level 5 spell: Summon Forest
 10637 | Lair:1   | Noticed a cane toad
 10812 | Lair:1   | Killed a cane toad
 10895 | Lair:1   | Reached XP level 11. HP: 54/54 MP: 25/31
 11050 | Lair:1   | Reached skill level 1 in Staves
 11060 | Lair:1   | Noticed Harold
 11061 | Lair:1   | Reached skill level 10 in Summonings
 11125 | Lair:1   | Killed Harold
 11247 | Lair:1   | Reached skill level 5 in Translocations
 11813 | Lair:2   | Noticed a skyshark
 11823 | Lair:2   | Killed a skyshark
 12316 | Lair:2   | Noticed a five-headed hydra
 12321 | Lair:2   | HP: 2/54 [five-headed hydra (11)]
 12325 | Lair:2   | Killed a five-headed hydra
 12756 | Lair:2   | Found a staircase to the Snake Pit.
 12787 | Lair:2   | Reached *** piety under Ashenzari
 12996 | Lair:2   | Found a hide-covered altar of Uskayaw.
 12996 | Lair:2   | Noticed a boulder beetle
 13019 | Lair:2   | Killed a boulder beetle
 13236 | Lair:2   | Found an ornate altar of the Wu Jian Council.
 13279 | Lair:2   | Found a transporter.
 13284 | Lair:2   | Found a bloodstained altar of Trog.
 13284 | Lair:2   | Noticed Zonian's ghost (journeyman DEIE)
 13285 | Lair:2   | Found a transporter.
 13291 | Lair:2   | Noticed a spriggan rider
 13539 | Lair:2   | Learned a level 5 spell: Freezing Cloud
 13551 | Lair:2   | Found a staircase to the Shoals.
 13864 | Lair:2   | Reached skill level 1 in Conjurations
 14041 | Lair:3   | Found a runed translucent door.
 14044 | Lair:3   | Noticed a four-headed hydra
 14246 | Lair:3   | Reached XP level 12. HP: 47/60 MP: 31/34
 14380 | Lair:3   | Identified the +2 trident of the Immovable Moons {protect,
                  | Will+ Stlth+}
 14981 | Lair:3   | Reached **** piety under Ashenzari
 15006 | Lair:3   | Reached skill level 1 in Air Magic
 15270 | Lair:3   | Killed a four-headed hydra
 15274 | Lair:3   | Identified the +5 chain mail of Distant Worlds {rElec rF+
                  | rCorr Str+5}
 15930 | Lair:3   | Upgraded the game from 0.31-a0-198-g2ad674f65e to
                  | 0.31-a0-202-g547052bce9
 16176 | Lair:4   | Found a staircase to the Slime Pits.
 17364 | Lair:5   | Entered Level 5 of the Lair of Beasts
 17364 | Lair:5   | Identified the Discourse on Boreal Geomancy
 17417 | Lair:5   | Learned a level 2 spell: Ensorcelled Hibernation
 17437 | Lair:5   | Noticed a catoblepas
 17840 | Lair:5   | Reached skill level 5 in Stealth
 17870 | Lair:5   | Reached skill level 5 in Dodging
 17877 | Lair:5   | Reached XP level 13. HP: 50/64 MP: 24/37
 17891 | Lair:5   | Reached skill level 15 in Spellcasting
 18519 | Lair:5   | Reached skill level 5 in Fighting
 18519 | Lair:5   | Reached XP level 14. HP: 86/86 MP: 39/39
 20575 | D:9      | Paralysed by a hornet for 3 turns
 20764 | D:9      | Found a snail-covered altar of Cheibriados.
 20840 | D:9      | Found an ornate altar of the Wu Jian Council.
 20907 | D:9      | Reached skill level 10 in Translocations
 21148 | D:9      | Found Isaicop's Armour Shop.
 21183 | D:9      | Found a staircase to the Orcish Mines.
 21208 | D:9      | Learned a level 5 spell: Lee's Rapid Deconstruction
 21208 | D:9      | Bought a +2 buckler for 181 gold pieces
 21636 | D:10     | Entered Level 10 of the Dungeon
 21861 | D:10     | Reached skill level 1 in Evocations
 21930 | D:10     | Reached skill level 1 in Earth Magic
 22023 | D:10     | Found a glowing silver altar of Zin.
 22221 | D:10     | Reached skill level 1 in Shields
 24916 | D:12     | Reached skill level 5 in Earth Magic
 24924 | D:12     | Upgraded the game from 0.31-a0-202-g547052bce9 to
                  | 0.31-a0-204-g7da18cac08
 24995 | D:12     | Reached XP level 15. HP: 79/90 MP: 33/40
 25054 | D:12     | Reached skill level 5 in Staves
 25679 | D:12     | Paralysed by a floating eye for 4 turns
 26733 | D:9      | Bought a +0 pair of boots for 49 gold pieces
 26739 | D:9      | Reached ***** piety under Ashenzari
 27243 | D:13     | Noticed Urug
 27253 | D:13     | Killed Urug
 27537 | D:13     | Upgraded the game from 0.31-a0-204-g7da18cac08 to
                  | 0.31-a0-210-gccc998df9b
 27676 | D:13     | Identified the +6 war axe of the Snake Pit {holy, MP+9
                  | Str-4 Dex+5}
 27736 | D:13     | Identified the +8 falchion "Sarcophage" {freeze, rF+}
 28179 | D:13     | Noticed Nessos
 28603 | D:13     | Killed Nessos
 28808 | D:13     | Found a gate to the Vaults.
 30208 | D:14     | Learned a level 3 spell: Swiftness
 30359 | D:14     | Reached skill level 1 in Armour
 30965 | D:15     | Entered Level 15 of the Dungeon
 31078 | D:15     | Found a transporter.
 31612 | D:15     | Learned a level 7 spell: Summon Hydra
 31635 | D:15     | Found an ancient bone altar of Kikubaaqudgha.
 31735 | D:15     | Noticed Jais Joink's ghost (adept FoFi)
 31741 | D:15     | Noticed an iron dragon
 31743 | D:15     | Noticed Louise
 31757 | D:15     | Killed Louise
 31847 | D:15     | Reached XP level 16. HP: 82/106 MP: 25/43
 31859 | D:15     | Noticed a storm dragon
 32042 | D:15     | Found a transporter.
 32057 | D:15     | Learned a level 5 spell: Fireball
 32070 | D:15     | Identified the +4 leather armour "Xefi Edo" {rC+}
 32568 | D:15     | Upgraded the game from 0.31-a0-210-gccc998df9b to
                  | 0.31-a0-214-gb37851dbb3
 32805 | D:15     | Found a staircase to the Depths.
 33449 | Lair:5   | Reached skill level 1 in Fire Magic
 33852 | Lair:5   | Reached skill level 5 in Evocations
 34909 | Orc:1    | Entered Level 1 of the Orcish Mines
 34909 | Orc:1    | Found Hapn's General Store.
 35052 | Orc:1    | Found Paun's Magic Scroll Boutique.
 35073 | Orc:1    | Bought a scroll of blinking for 112 gold pieces
 35073 | Orc:1    | Bought a scroll of teleportation for 45 gold pieces
 35073 | Orc:1    | Bought a scroll of teleportation for 45 gold pieces
 35143 | Orc:1    | Found Muolalaf's General Store.
 35151 | Orc:1    | Bought 2 scrolls of teleportation for 90 gold pieces
 35236 | Orc:2    | Entered Level 2 of the Orcish Mines
 35284 | Orc:2    | Found Buluapnu's Book Boutique.
 35292 | Orc:2    | Bought a book of the Wilderness for 532 gold pieces
 35466 | Orc:2    | Found a staircase to the Elven Halls.
 36459 | Orc:2    | Found Kaph's Antique Armour Boutique.
 36467 | Orc:2    | Found Ruppepha's Antique Weapon Shop.
 36469 | Orc:2    | Found Gaypho's General Store.
 36469 | Orc:2    | Found Waomm's Jewellery Boutique.
 36474 | Orc:2    | Bought a scroll of fog for 60 gold pieces
 36474 | Orc:2    | Bought a potion of magic for 120 gold pieces
 36539 | Orc:2    | Found a runed translucent door.
 36860 | Orc:2    | Reached skill level 5 in Fire Magic
 36974 | Orc:1    | Reached skill level 15 in Summonings
 37013 | Orc:1    | Found Toleage's Weapon Shop.
 37232 | Orc:2    | Bought the ring of Asceticism {Wiz rElec rPois rF- Stlth+}
                  | for 660 gold pieces
 37710 | Orc:1    | Bought a +2 helmet of intelligence for 322 gold pieces
 38023 | Snake:1  | Entered Level 1 of the Snake Pit
 38770 | Snake:1  | Found Vytot Qimm's Antique Armour Boutique.
 38770 | Snake:1  | Found Soqooru's Book Shop.
 38793 | Snake:1  | Bought an ichor-stained scarf for 250 gold pieces
 38793 | Snake:1  | Identified the scarf of the Nightingale {+Inv, Str+3 Int+5}
                  | (You bought it in a shop on level 1 of the Snake Pit)
 39233 | Snake:1  | Identified the +4 trident of Outrage {protect, +Blink rC-
                  | rCorr Dex-4}
 39952 | Snake:2  | Identified the +0 chain mail "Tisaata" {+Blink rPois Slay+6
                  | SInv}
 40364 | Snake:2  | Noticed Nikola
 40372 | Snake:2  | Killed from afar by Nikola

Illustrated notes

Levels and vault maps discovered:
D:1:      evilmike_arrival_plus, layout_basic
D:2:      layout_basic, shapermc_ecumenical_altar_mp_urbaneastern
D:3:      layout_basic, nicolae_eternal_life, uniq_ijyb
D:4:      layout_rooms, mainiacjoe_overflow_paths
D:5:      layout_loops_ring
D:6:      layout_basic, uniq_blork_the_orc
D:7:      layout_loops_corners, tgw_kikubaaqudgha, minmay_temple_entry_slanted,
          corexii_corridor_pit
D:8:      wad_woods_tower, layout_loops_corners, lair_entry_dummy
D:9:      layout_loops_ring, pdpol_wu_jian_five_deadly_venoms,
          mainiacjoe_overflow_alcove_2, orc_david_3
D:10:     minmay_razor_zed, layout_stronghold, mainiacjoe_overflow_cross_hatched
D:11:     layout_roguey [special_room_orc]
D:12:     hellmonk_paralyzer, layout_small_grid, nrook_uturn,
          minmay_alternating_orb
D:13:     minmay_the_grid_triangle_9x9_recursive_2_mashed
          [minmay_the_grid_triangle_9x9_prize_top_heavy,
          minmay_the_grid_triangle_9x9_intruding_spiral,
          minmay_the_grid_triangle_9x9_zippers_horizontal,
          minmay_the_grid_triangle_9x9_checkered], layout_rooms, david_vaults_4,
          uniq_nessos, uniq_urug
D:14:     layout_cave_pools, serial_column_ruins, column_ruins_hut_ruined,
          column_ruins_corridor_corner, column_ruins_columns_straight,
          column_ruins_grid_1, column_ruins_grid_4, column_ruins_columns_corner,
          column_ruins_open_medium, column_ruins_grid_1
D:15:     grunt_enter_depths_hoard, layout_gridville, kiku_gazebo_pond_becter,
          nzn_ghost_randoct, statue_in_the_mist_lemuel, minmay_statue_bubble,
          uniq_louise
Temple:   nicolae_temple_bog_church
Lair:1:   layout_gridlike, wad_woods_road_05, uniq_harold
Lair:2:   layout_gridlike, minmay_shoals_entry_beasts,
          minmay_snake_entry_guardpost_medium,
          gammafunk_ghost_wrathful_warriors, nzn_masters_of_martial_movement
Lair:3:   layout_regular_city, pf_torpor_hydra, infiniplex_staircase_pool_2
Lair:4:   layout_regular_city, slime_entry_1
Lair:5:   due_jungle_book, layout_cave_pods, minmay_lair_drake_nest,
          infiniplex_staircase_pool, grunt_megastairs_4
Snake:1:  layout_cave_shapes, minmay_shoptagon
Snake:2:  layout_chambers, portal_ice_cave_entry_pillars_1, serial_bayou_pond_e,
          nicolae_large_snake_swirl, uniq_nikola
Orc:1:    layout_caves, serial_shops, shop, shop, shop, shop,
          nicolae_orc_lost_temple
Orc:2:    st_orc_congregation, layout_caves, serial_shops, shop, basic_altar,
          lightli_church_of_beogh

Skill      XL: |  1  2  3  4  5  6  7  8  9 10 11 12 13 14 15 16 |
---------------+-------------------------------------------------+-----
Stealth        | 3 5 6 7 8 |  8.0
Dodging        | 3 5 6 |  6.0
Spellcasting   | 4 5 6 7 9 10 12 13 14 15 16 | 16.2
Ice Magic      | 5 6 7 8 9 11 12 | 12.7
Summonings     | 2 3 4 6 8 9 11 12 13 14 16 | 16.0
Translocations | 1 3 4 6 8 9 10 | 10.1
Staves         | 3 7 |  7.7
Conjurations   | 2 4 |  4.2
Air Magic      | 3 |  3.6
Fighting       | 5 8 9 |  9.2
Evocations     | 2 4 5 |  5.8
Earth Magic    | 5 6 |  6.8
Shields        | 2 |  2.5
Armour         | 1 |  1.8
Fire Magic     | 5 |  5.0

Action                     |  1- 3 |  4- 6 |  7- 9 | 10-12 | 13-15 | 16-18 || total
---------------------------+-------+-------+-------+-------+-------+-------++-------
  Melee: Unarmed           |    25 |       |       |       |       |       ||    25
         Short sword       |    13 |    39 |       |       |       |       ||    52
         Falchion          |       |    27 |   147 |       |       |       ||   174
         Punch             |       |     1 |     2 |     4 |     7 |       ||    14
         Staff             |       |       |       |   224 |   751 |   321 ||  1296
  Throw: Dart              |       |     3 |     4 |     4 |    17 |     7 ||    35
         Throwing net      |       |       |       |     2 |     2 |       ||     4
         Javelin           |       |       |       |       |       |     1 ||     1
   Cast: Freeze            |    51 |    24 |    23 |    80 |     8 |       ||   186
         Frozen Ramparts   |       |     5 |    29 |    42 |    79 |     7 ||   162
         Ozocubu's Armour  |       |     1 |     7 |    18 |    13 |     2 ||    41
         Summon Ice Beast  |       |       |     4 |    30 |    49 |     9 ||    92
         Blink             |       |       |     1 |     5 |     3 |     5 ||    14
         Call Canine Famil |       |       |       |    14 |    28 |     8 ||    50
         Summon Forest     |       |       |       |     1 |     6 |     6 ||    13
         Freezing Cloud    |       |       |       |       |    12 |    12 ||    24
         Ensorcelled Hiber |       |       |       |       |     2 |       ||     2
         Lee's Rapid Decon |       |       |       |       |    50 |    65 ||   115
         Fireball          |       |       |       |       |       |    11 ||    11
         Summon Hydra      |       |       |       |       |       |     3 ||     3
         Swiftness         |       |       |       |       |       |     1 ||     1
 Invoke: Curse Item        |       |       |     2 |     4 |     2 |     1 ||     9
         Shatter the Chain |       |       |       |       |       |     1 ||     1
  Evoke: Wand              |       |       |       |     5 |    19 |    17 ||    41
         Condenser vane    |       |       |       |       |     1 |     1 ||     2
    Use: Scroll            |       |     9 |    11 |     4 |     5 |     2 ||    31
         Potion            |       |       |     1 |     2 |     6 |       ||     9
   Stab: Sleeping          |     5 |     8 |     6 |     4 |     5 |     3 ||    31
         Distracted        |       |     1 |     2 |     1 |     6 |     4 ||    14
         Held in net/web   |       |       |       |       |     1 |       ||     1
 Armour: Robe              |    15 |    13 |    51 |       |       |       ||    79
         Troll leather arm |       |       |       |   125 |   235 |    76 ||   436
  Dodge: Dodged            |    57 |    57 |   121 |   182 |   412 |   138 ||   967
  Block: Buckler           |       |       |       |       |   208 |   109 ||   317

Table legend: (Time is in decaauts)
 A = Elapsed time spent in this place.
 B = Non-inter-level travel time spent in this place.
 C = Inter-level travel time spent in this place.
 D = Time resting spent in this place.
 E = Time spent auto-exploring this place.
 F = Levels seen in this place.
 G = Mean time per level.
                   A        B        C        D        E       F      G
               +--------+--------+--------+--------+--------+-----+--------+
         Total |  40355 |  38173 |   2182 |  15484 |  11993 |  25 | 1614.2 |
       Dungeon |  22995 |  21600 |   1395 |   8023 |   8088 |  15 | 1533.0 |
        Temple |    217 |    212 |      5 |      0 |    188 |   1 |  217.0 |
          Lair |  12783 |  12257 |    526 |   6050 |   2158 |   5 | 2556.6 |
     Snake Pit |   1745 |   1741 |      4 |    596 |    716 |   2 |  872.5 |
  Orcish Mines |   2613 |   2363 |    250 |    815 |    842 |   2 | 1306.5 |
               +--------+--------+--------+--------+--------+-----+--------+

Top non-repeatable levels by time:
  Lair:5: 4052 daAuts
  Lair:2: 3088 daAuts
    D:13: 2691 daAuts
     D:8: 2243 daAuts
    D:10: 2168 daAuts
    D:14: 2085 daAuts
  Lair:3: 2009 daAuts
    D:15: 1889 daAuts
  Lair:4: 1884 daAuts
   Orc:2: 1847 daAuts
  Lair:1: 1749 daAuts
     D:7: 1615 daAuts
     D:5: 1607 daAuts
    D:12: 1592 daAuts
    D:11: 1428 daAuts
